 Dungeon Crawl Stone Soup version 0.26.0-7-g794d0892b4 (webtiles) character file.

Game seed: 9747921256163645208

42 shakesphere1979 the Chiller (level 3, -1/20 HPs)
             Began as a Gargoyle Ice Elementalist on Jan 11, 2021.
             Killed from afar by a dart slug (7 damage)
             ... with a slug dart
             ... on level 2 of the Dungeon.
             The game lasted 00:03:34 (1390 turns).

shakesphere1979 the Chiller (GrIE)                  Turns: 1390, Time: 00:03:35

Health: -1/20      AC:  5    Str: 11    XL:     3   Next: 54%
Magic:  6/6        EV: 12    Int: 16    God:
Gold:   131        SH:  0    Dex: 10    Spells: 5/6 levels left

rFire    . . .     SeeInvis .   c - +2 dagger (drain)
rCold    . . .     Faith    .   (no shield)
rNeg     + . .     Spirit   .   a - +0 robe
rPois    ∞         Reflect  .   (no helmet)
rElec    +         Harm     .   (no cloak)
rCorr    .         Rampage  .   (no gloves)
Will     .....                  (no boots)
Stlth    ++........             (no amulet)
HPRegen  0.06/turn              (no ring)
MPRegen  0.10/turn              (no ring)

@: no status effects
A: negative energy resistance 1, electricity resistance, unbreathing,
petrification resistance, miasma immunity, AC +3
a: no special abilities


You were on level 2 of the Dungeon.
You visited 1 branch of the dungeon, and saw 2 of its levels.

You collected 131 gold pieces.

Inventory:

Hand Weapons
 b - a +0 vampiric dagger
 c - a +2 dagger of draining (weapon)
Missiles
 d - 49 stones
 e - 35 arrows
 l - 19 poisoned darts
Armour
 a - a +0 robe (worn)
Jewellery
 m - an uncursed ring of stealth {unknown}
Scrolls
 f - a scroll of teleportation {unknown}
 h - a scroll of identify
 k - a scroll of remove curse {unknown}
Potions
 g - a potion of degeneration {unknown}
 i - a potion of invisibility {unknown}


   Skills:
 + Level 1.4 Fighting
 - Level 1.5 Dodging
 + Level 2.8 Stealth
 + Level 2.4 Spellcasting
 + Level 4.3 Ice Magic


You had 5 spell levels left.
You knew the following spells:

 Your Spells              Type           Power        Failure   Level
a - Freeze                Ice            60%          3%          1

Your spell library contained the following spells:

 Spells                   Type           Power        Failure   Level
 Frozen Ramparts          Ice            30%          10%         3
 Ozocubu's Armour         Ice            15%          10%         3
 Hailstorm                Conj/Ice       8%           63%         4
 Summon Ice Beast         Ice/Summ       8%           63%         4


Dungeon Overview and Level Annotations

Branches:
Dungeon (2/15)

Altars:


Innate Abilities, Weirdness & Mutations

You are resistant to torment.
Your stone body is resilient. (AC +3)
You are immune to poison.
You resist negative energy. (rN+)
You are resistant to electric shocks. (rElec)
You can survive without breathing.
You are immune to petrification.
You are immune to miasma.


Message History

Aim: an orc warrior, wielding a +0 halberd and wearing a cursed +0 chain mail (moderately wounded, lightly drained)
Okay, then.
You see here a hobgoblin corpse.
The orc warrior hits you from afar with a +0 halberd!
Ouch! That really hurt!
* * * LOW HITPOINT WARNING * * *
As you read the scroll labelled FOANGAA CEVAD, it crumbles to dust.
It is a scroll of identify.
j - a scroll of fear The orc warrior closely misses you.
As you read the scroll of fear, it crumbles to dust.
You assume a fearsome visage.
The orc warrior looks frightened!
The orc looks frightened! x3
You open the door.
There is an open door here.
You close the door.
A dart slug comes into view.
The dart slug launches a dart at you. The slug dart hits you!
You die...

#.#.# #.....# #[#.......##.#
##.##.#.###.....####.#.......##.#
.....<....+.....'..[.†........>.#
...####.###.....####.#.........##
. +....# #)....# #.#.........#
###..# #.....# #.#.........#
#†.###....#####.#.......#.#
#....'........#.#.....†.#+##
#.####.....@..#.#.#<........ ....
+†.......#.#.#......... #.#.#
#........#.#........... #.#.#
#..........####........ # #..
......###...# #.......##
#......w........# #.......#
......########.###.......#
....### #..##..)....# ....
#^..+.......#


You could see a dart slug.

Vanquished Creatures
  An adder (D:2)
  A leopard gecko (D:1)
  2 bats (D:1)
  4 giant cockroaches (D:1)
  3 goblins
  6 hobgoblins
  6 kobolds (D:1)
  2 quokkas (D:2)
  2 frilled lizards (D:1)
  A rat (D:2)
28 creatures vanquished.

Notes
Turn   | Place    | Note
-------+----------+-------------------------------------------
     0 | D:1      | shakesphere1979 the Gargoyle Ice Elementalist began the
                  | quest for the Orb.
     0 | D:1      | Reached XP level 1. HP: 10/10 MP: 3/3
   197 | D:1      | Reached XP level 2. HP: 11/16 MP: 1/5
   603 | D:1      | Reached skill level 1 in Fighting
  1003 | D:1      | Reached XP level 3. HP: 20/20 MP: 6/6
  1361 | D:2      | Noticed an orc warrior
  1390 | D:2      | Killed from afar by a dart slug

Illustrated notes

Levels and vault maps discovered:
D:1:      wander_arrival_chamber, layout_loops_corners
D:2:      layout_basic, marbit_many_paths, uniq_natasha, uniq_jessica

Skill      XL: |  1  2 |
---------------+-------+-----
Fighting       | 1 |  1.4
Dodging        | |  1.5
Stealth        | |  2.8
Spellcasting   | |  2.4
Ice Magic      | |  4.3

Action                   || total
-------------------------++-------
Melee: Dagger            ||    61
       Unarmed           ||     1
 Cast: Freeze            ||    10
  Use: Scroll            ||     2
Armor: Robe              ||    15
Dodge: Dodged            ||    38
